 Dungeon Crawl Stone Soup version 0.32-a0-841-g4648e6c457 (webtiles) character file.

Game seed: 6232266967885841160

963 Shayle the Apothecary (level 8, -2/60 HPs)
             Began as a Coglin Alchemist on Mar 26, 2024.
             Was a Follower of Yredelemnul.
             Slain by Duvessa
             ... wielding a +0 short sword
              (4 damage)
             ... on level 5 of the Dungeon.
             The game lasted 00:14:42 (4744 turns).

Shayle the Apothecary (Coglin Alchemist)            Turns: 4744, Time: 00:14:42

Health: -2/60      AC:  3    Str:  9    XL:     8   Next: 15%
Magic:  10/10      EV: 13    Int: 14    God:    Yredelemnul [*.....]
Gold:   206        SH:  0    Dex: 17    Spells: 9/10 levels left

rFire   . . .        d - +0 rapier {Prasit}
rCold   . . .        r - +0 flail (drain) {Qing}
rNeg    . . .        a - +0 robe
rPois   .            (no helmet)
rElec   .            (no cloak)
rCorr   .            k - +0 pair of gloves
SInv    .            (no boots)
Will    .....        (amulet unavailable)
Stlth   +++          (ring unavailable)
HPRegen 0.30/turn    (ring unavailable)
MPRegen 0.12/turn    (no gizmo)

%: no passive effects
@: mighty, wreathed by umbra, revved
A: off-hand wielding, slow wielding, warmup strikes, no jewellery
a: Invent Gizmo, Renounce Religion, Light the Black Torch, Recall Undead Harvest


You were on level 5 of the Dungeon.
You worshipped Yredelemnul.
Yredelemnul was noncommittal.
You visited 1 branch of the dungeon, and saw 5 of its levels.
You also visited: Sewer.

You collected 206 gold pieces.

Inventory:

Hand Weapons
 d - a +0 rapier (weapon) {Prasit}
 g - a +0 mace
 r - a +0 flail of draining (offhand) {Qing}
 s - a +0 sling
Armour
 a - a +0 robe (worn)
 k - a +0 pair of gloves (worn)
 o - a +2 ring mail of willpower
 p - the +2 chain mail of Akhoz {MP+9 Int+3}
   (You found it on level 4 of the Dungeon)

   Int+3:     It affects your intelligence (+3).
   MP+9:      It affects your magic capacity (+9).
Wands
 m - a wand of charming (8)
Scrolls
 c - 4 scrolls of identify {unknown}
 e - a scroll of enchant weapon {unknown}
 h - a scroll of vulnerability {unknown}
 j - a scroll of amnesia {unknown}
 q - 2 scrolls of fog {unknown}
 v - a scroll of summoning {unknown}
 x - a scroll of fear {unknown}
Potions
 b - 2 potions of magic
 f - a potion of ambrosia {unknown}
 i - a potion of might
 l - a potion of attraction {unknown}
 n - a potion of cancellation {unknown}
 t - 3 potions of resistance {unknown}
 u - a potion of invisibility {unknown}
 w - a potion of haste {unknown}


   Skills:
 + Level 3.8 Fighting
 + Level 4.0 Dodging
 + Level 3.9 Stealth
 - Level 1.7 Spellcasting
 + Level 3.3 Conjurations
 + Level 5.1 Alchemy
 + Level 1.9 Invocations


You had 9 spell levels left.
You knew the following spells:

 Your Spells              Type           Power      Damage    Failure   Level
a - Sting                 Conj/Alch      52%        1d6       4%          1

Your spell library contained the following spells:

 Spells                   Type           Power      Damage    Failure   Level
 Magic Dart               Conj           40%        1d5       6%          1
 Mercury Vapours          Alch/Air       16%        N/A       13%         2
 Mephitic Cloud           Conj/Alch/Air  9%         N/A       22%         3
 Summon Small Mammal      Summ           4%         N/A       24%         1
 Olgreb's Toxic Radiance  Alch           15%        N/A       30%         4
 Blink                    Tloc           2%         N/A       36%         2
 Call Imp                 Summ           2%         N/A       36%         2
 Dazzling Flash           Conj/Hex       10%        N/A       36%         3
 Call Canine Familiar     Summ           1%         N/A       58%         3
 Sigil of Binding         Hex            1%         N/A       58%         3
 Sticky Flame             Fire/Alch      8%         2d4       63%         4
 Brom's Barrelling Bould  Conj/Erth      5%         2d3       77%         4
 Iskenderun's Battlesphe  Conj           10%        2d6       87%         5
 Summon Blazeheart Golem  Fire/Summ      1%         N/A       94%         4
 Fireball                 Conj/Fire      2%         3d4       98%         5
 Curse of Agony           Necr           1%         N/A       100%        5
 Silence                  Hex/Air        0%         N/A       100%        5
 Conjure Ball Lightning   Conj/Air       2%         3x3d6     100%        6
 Sculpt Simulacrum        Ice/Alch       4%         N/A       100%        6
 Orb of Destruction       Conj           5%         9d5       100%        7
 Death Channel            Necr           Unusable   N/A       N/A         6

Dungeon Overview and Level Annotations

Branches:
Dungeon (5/15)              Sewer (visited)
 Temple: D:4-7

Altars:
Ashenzari
Cheibriados
Yredelemnul

Shops:
D:1 =   D:2 =

Annotations:
D:5 Duvessa


Innate Abilities, Weirdness & Mutations

You can wield a second weapon in your off-hand.
It takes a long time for you to wield or remove held weapons.
Your first few attacks do less damage.
You cannot equip rings or amulets.


Message History

You swap places.
Duvessa hits your gnoll zombie with a +0 short sword!
Your gnoll zombie is destroyed!
You hit Duvessa with your +0 flail of draining.
You drain Duvessa.
Duvessa is heavily wounded.
You hit Duvessa with your +0 rapier. Duvessa barely misses you. x2
Unknown command.
You swap places.
Duvessa hits your bombardier beetle zombie with a +0 short sword. x2
Your bombardier beetle zombie is destroyed!
Duvessa misses you.
You hit Duvessa but do no damage.
Duvessa is heavily wounded.
You closely miss Duvessa with your +0 flail of draining.
Duvessa closely misses you. Duvessa hits you with a +0 short sword.
Unknown command.
It was a potion of might.
You feel very mighty all of a sudden. Duvessa misses you.
Duvessa closely misses you.
You barely miss Duvessa with your +0 flail of draining.
Duvessa is heavily wounded.
You hit Duvessa with your +0 rapier. Duvessa hits you with a +0 short sword.
* * * LOW HITPOINT WARNING * * *
Duvessa hits you with a +0 short sword.
* * * LOW HITPOINT WARNING * * *
Unknown command.
You hit Duvessa but do no damage.
Duvessa is severely wounded.
You barely miss Duvessa with your +0 flail of draining.
Duvessa hits you with a +0 short sword!
* * * LOW HITPOINT WARNING * * *
Duvessa closely misses you.
Unknown command.
You hit Duvessa but do no damage.
Duvessa is severely wounded.
You hit Duvessa but do no damage. You drain Duvessa. Duvessa barely misses you.
Duvessa hits you with a +0 short sword.
You die...
Your body rises from the dead as a mindless zombie.

#..... #### ###....# . #...
#.##.... #.####... ###..##...
##........
#>#...##..###+##.....$.....
#######......##........#######...
#.......#.....##.......#........#
#....(..#.+....#)e.....#.######..
#.......###....#@.............<..
#.......# #.....###.##.#.#.##.#..
####....# #.....# .## #ยง#Z#>.#..
#.##.# #####.# ##.#.#.##.#..
#.##.# ### #.#+#.#<.#.. #.##.#
#.....####.. #.# .# #..........#
#.# .# #....####### #.##.#
##+##.#.........


You could see Duvessa (berserk, very drained).

Vanquished Creatures
  Menkaure (D:4)
  A phantom (D:5)
  2 brain worms (Sewer)
  A scorpion (D:4)
  A bombardier beetle (D:5)
  A hound (D:4)
  A sleepcap (D:5)
  A jelly (D:4)
  2 iguanas
  A gnoll (D:5)
  12 adders
  3 river rats (Sewer)
  2 ribbon worms
  2 orcs (D:4)
  3 endoplasms
  2 giant cockroaches (D:4)
  5 goblins
  6 hobgoblins
  6 kobolds
  2 quokkas
  7 ball pythons
  3 bats (D:1)
  10 frilled lizards
  7 rats
82 creatures vanquished.

Vanquished Creatures (collateral kills)
  A scorpion (D:5)
  Dowan (D:5)
  A hound (D:5)
  An iguana (D:5)
  2 gnolls (D:5)
  An orc (D:5)
  2 ball pythons (D:5)
  A quokka (D:5)
  3 frilled lizards (Sewer)
  A rat (Sewer)
14 creatures vanquished.

Vanquished Creatures (others)
  An adder zombie (Sewer)
  An elf zombie (D:5)
  An iguana zombie (D:5)
  2 gnoll zombies (D:5)
  2 river rat zombies (Sewer)
  A bombardier beetle zombie (D:5)
  2 frilled lizard zombies (Sewer)
  A quokka zombie (D:5)
11 creatures vanquished.

Grand Total: 107 creatures vanquished

Notes
Turn   | Place    | Note
-------+----------+-------------------------------------------
     0 | D:1      | Shayle the Coglin Alchemist began the quest for the Orb.
     0 | D:1      | Reached XP level 1. HP: 13/13 MP: 3/3
   271 | D:1      | Found Woxto's One-of-a-Kind Rings.
   278 | D:1      | Reached XP level 2. HP: 20/20 MP: 1/4
   418 | D:1      | Reached skill level 1 in Fighting
   647 | D:2      | Reached XP level 3. HP: 21/26 MP: 1/5
   921 | D:2      | Reached skill level 1 in Conjurations
  1336 | D:2      | Reached XP level 4. HP: 33/33 MP: 1/6
  1392 | D:2      | Found Eqiem's Jewellery Shop.
  1409 | D:2      | Found a faded altar of an unknown god.
  2317 | D:3      | Found a snail-covered altar of Cheibriados.
  2534 | D:4      | Reached XP level 5. HP: 26/38 MP: 1/7
  2618 | D:4      | Identified the +2 chain mail of Akhoz {MP+9 Int+3}
  2900 | D:4      | Found a broken altar of Ashenzari.
  2947 | D:4      | Reached skill level 4 in Alchemy
  3022 | D:4      | Reached XP level 6. HP: 44/46 MP: 8/8
  3039 | D:4      | Found a basalt altar of Yredelemnul.
  3186 | D:4      | Became a worshipper of Yredelemnul the Fallen
  3392 | D:4      | Noticed Menkaure
  3399 | D:4      | Killed Menkaure
  3619 | D:5      | Entered Level 5 of the Dungeon
  3673 | D:5      | Noticed Dowan
  3696 | D:5      | Noticed Duvessa
  3704 | D:5      | Reached skill level 1 in Invocations
  3704 | D:5      | Reached XP level 7. HP: 19/52 MP: 9/9
  3783 | D:5      | Found a glowing drain.
  3800 | Sewer    | Entered a sewer
  4196 | Sewer    | Reached * piety under Yredelemnul
  4425 | D:5      | Reached XP level 8. HP: 18/59 MP: 10/10
  4653 | D:5      | Reached skill level 5 in Alchemy
  4726 | D:5      | Killed Dowan
  4735 | D:5      | Your ally Dowan died
  4743 | D:5      | HP: 1/60 [Duvessa/+0 short sword (10)]
  4744 | D:5      | Slain by Duvessa

Illustrated notes

Levels and vault maps discovered:
D:1:      scummos_arrival_simple_fountains, layout_rooms,
          nicolae_shop_unique_rings, serial_park_tiny_1
D:2:      layout_loops_cross, dreamdust_ecumenical_altar_hidden_monk_grotto,
          serial_shops, nicolae_shop_tiny_statue_garden
D:3:      layout_basic, mainiacjoe_overflow_alcove_1, serial_forest,
          infiniplex_forest_straight_4, infiniplex_forest_clump_small,
          infiniplex_forest_straight_1, infiniplex_forest_lined_corner,
          infiniplex_forest_end_2, infiniplex_forest_corner_1
D:4:      layout_loops_ring, mainiacjoe_overflow_small_starburst,
          minmay_misc_feat_diagonals, minmay_ruined_shrine, uniq_menkaure
D:5:      layout_basic, cheibrodos_sewer_entry_drain, nrook_mini_backslash,
          uniq_duvessa

Skill      XL: |  1  2  3  4  5  6  7  8 |
---------------+-------------------------+-----
Dodging        | 2 3 4 |  4.0
Fighting       | 1 2 3 |  3.8
Stealth        | 2 3 |  3.9
Conjurations   | 1 2 3 |  3.3
Alchemy        | 4 5 |  5.1
Invocations    | 1 |  1.9
Spellcasting   | |  1.7

Action                     |  1- 3 |  4- 6 |  7- 9 || total
---------------------------+-------+-------+-------++-------
  Melee: Rapier            |    40 |    67 |    86 ||   193
         Flail             |       |    46 |    83 ||   129
   Cast: Sting             |    45 |    35 |     1 ||    81
 Invoke: Light the Black T |       |     1 |     2 ||     3
    Use: Potion            |     3 |     2 |     2 ||     7
   Stab: Sleeping          |     1 |     1 |     2 ||     4
 Armour: Robe              |    39 |    56 |    78 ||   173
  Dodge: Dodged            |    43 |    63 |    89 ||   195

Table legend: (Time is in decaauts)
 A = Elapsed time spent in this place.
 B = Non-inter-level travel time spent in this place.
 C = Inter-level travel time spent in this place.
 D = Time resting spent in this place.
 E = Time spent auto-exploring this place.
 F = Levels seen in this place.
 G = Mean time per level.
                   A        B        C        D        E       F      G
               +--------+--------+--------+--------+--------+-----+--------+
         Total |   4852 |   4764 |     88 |    895 |   2557 |   6 |  808.7 |
       Dungeon |   4265 |   4177 |     88 |    753 |   2436 |   5 |  853.0 |
         Sewer |    587 |    587 |      0 |    142 |    121 |   1 |  587.0 |
               +--------+--------+--------+--------+--------+-----+--------+

Top non-repeatable levels by time:
     D:4: 1064 daAuts
     D:3: 1048 daAuts
     D:2: 901 daAuts
     D:5: 625 daAuts
     D:1: 624 daAuts
   Sewer: 587 daAuts
